 Dungeon Crawl Stone Soup version 0.28-a0-1524-ge72afd5fc6 (webtiles) character file.

Game seed: 5729126712114467716

2419 knot the Cleaver (level 9, -2/94 HPs)
             Began as a Demonspawn Berserker on Jan 18, 2022.
             Was a Believer of Trog.
             Slain by a slime creature (13 damage)
             ... on level 6 of the Dungeon.
             The game lasted 00:12:53 (8205 turns).

knot the Cleaver (Demonspawn Berserker)             Turns: 8205, Time: 00:12:54

Health: -2/94      AC: 24    Str: 14 (17) XL:     9   Next: 24%
Magic:  3/3        EV:  2    Int: 13 (15) God:    Trog [**....]
Gold:   346        SH:  0    Dex: 12 (13) Spells: 8/8 levels left

rFire   . . .      SeeInvis +   q - +11 short sword "Ruemeeneq" {antimagic, Int+2}
rCold   + . .      Faith    .   (no shield)
rNeg    . . .      Spirit   .   (armour currently unavailable)
rPois   +          Reflect  .   (helmet currently unavailable)
rElec   .          Harm     .   (cloak currently unavailable)
rCorr   .          Rampage  .   (gloves currently unavailable)
Will    ++...      NoTele   +   (boots currently unavailable)
Stlth   +.........              (no amulet)
HPRegen 1.25/turn               h - ring of see invisible
MPRegen 0.16/turn               g - ring of protection from cold

@: tree-form, strong-willed (expiring), on berserk cooldown, regenerating
(expiring), slowed, very slow
A: stationary, stasis, torment immunity, boosted hp, (antennae 1), (yellow
scales 1), powered by death 1, magic regeneration
a: Renounce Religion, Berserk, Trog's Hand


You were on level 6 of the Dungeon.
You worshipped Trog.
Trog was pleased with you.
You were a tree.
You visited 1 branch of the dungeon, and saw 6 of its levels.

You collected 346 gold pieces.

Inventory:

Hand Weapons
 e - a +0 war axe
 q - the +11 short sword "Ruemeeneq" (weapon) {antimagic, Int+2}
   (You took it off a hobgoblin on level 3 of the Dungeon)

   It reduces the magical energy of the wielder, and disrupts the spells and
   magical abilities of those it strikes.
   Natural abilities and divine invocations are not affected.
   Int:       It affects your intelligence (+2).
Missiles
 c - 235 stones
 l - 3 poisoned darts (quivered)
 r - 27 sling bullets
 F - 8 curare-tipped darts
Armour
 A - a +2 plate armour of willpower (melded)
Jewellery
 g - a ring of protection from cold (right branch)
 h - a ring of see invisible (left branch)
 y - a ring of resist corrosion
 B - a ring of willpower
Wands
 u - a wand of digging (11)
 D - a wand of polymorph (11)
 H - a wand of iceblast (4)
 I - a wand of paralysis (9)
Scrolls
 m - a scroll of torment
 n - 2 scrolls of noise
 p - a scroll of enchant weapon
 x - 2 scrolls of teleportation
 z - a scroll of amnesia
 C - a scroll of magic mapping
Potions
 b - a potion of magic
 f - a potion of mutation
 j - 2 potions of berserk rage
 o - a potion of might
 s - a potion of flight


   Skills:
 - Level 3.0 Fighting
 * Level 9.3 Axes
 * Level 7.1 Throwing
 - Level 1.7 Armour
 - Level 1.7 Dodging


You had 8 spell levels left.
You didn't know any spells.
Your spell library contained the following spells:

 Spells                   Type           Power      Damage    Failure   Level
 Summon Small Mammal      Summ           0%         N/A       30%         1
 Call Canine Familiar     Summ           0%         N/A       67%         3
 Summon Guardian Golem    Hex/Summ       0%         N/A       67%         3


Dungeon Overview and Level Annotations

Branches:
Dungeon (6/15)             Temple (0/1) D:6

Altars:
Ashenzari
Gozag
Makhleb
Xom

Shops:
D:4 (


Innate Abilities, Weirdness & Mutations

You are a tree.
Your roots penetrate the ground, keeping you stationary.
You cannot be teleported.
You are immune to unholy pain and torment.
Your maximum health is greatly increased.
Your equipment is partially melded.
((You have a pair of small antennae on your head.))
((You are partially covered in yellow scales. (AC +2)))
You regenerate a little health from kills.
You regenerate magic rapidly.


Message History

You kill the slime creature!
Trog accepts your kill.
Your Throwing skill increases to level 7!
You feel a strong urge to attack something.
You are no longer berserk.
You are exhausted.
You feel yourself slow down.
As you read the scroll of fear, it crumbles to dust.
You assume a fearsome visage.
The slime creature is unaffected.
The endoplasm is unaffected.
The slime creature hits you!
* * * LOW HITPOINT WARNING * * *
Unknown command.
Really quaff the potion of lignification?
You turn into a tree.
Your +2 plate armour of willpower melds into your body.
You feel less strong-willed.
Your roots penetrate the ground.
The slime creature hits you but does no damage.
The endoplasm completely misses you.
Your skin crawls.
You feel strong-willed.
The slime creature hits you but does no damage.
The endoplasm hits you but does no damage.
The slime creature hits you but does no damage.
You hit the endoplasm.
The endoplasm is heavily wounded.
The endoplasm hits you but does no damage.
The slime creature hits you.
* * * LOW HITPOINT WARNING * * *
The endoplasm hits you but does no damage.
You hit the endoplasm.
You kill the endoplasm!
Trog accepts your kill.
You feel the effects of Trog's Hand fading.
The slime creature jiggles.
The slime creature hits you but does no damage. x2
You puncture the slime creature!
The slime creature is lightly wounded.
The slime creature jiggles.
The slime creature hits you!
You die...

#.###....##.#.........####.
#.###.......')........'....
#.##.....##.#.........####.
#.##..#..##.##.......## #..
#.##..##.##.###J....## #.#
#.##..##.##.# ##...## #..
#...........# ##'## #..
####.#####.######.# #.#
#.#####♣#......#######..
#.#....J..###...........
##.#.#.....# #.).#####...
##....#.#.#.###.<..# #...
#.......#.#.......## #...
##....###.#.####.## #..#
##.......#.# #.# #...
###.>.....# #.# ###.
######### #.# ##


You could see a slime creature.

Vanquished Creatures
  Grinder (D:4)
  A slime creature (D:6)
  Sigmund (D:6)
  Eustachio (D:5)
  A steam dragon (D:6)
  A water moccasin (D:6)
  An orc warrior (D:5)
  Duvessa (D:6)
  A black bear (D:5)
  A necrophage (D:6)
  A phantom (D:6)
  2 kobold brigands (D:6)
  A bullfrog (D:6)
  A wyvern zombie (D:4)
  2 scorpions
  A wyvern skeleton (D:6)
  2 jellies
  5 hounds
  An iguana (D:6)
  7 orc wizards
  9 adders
  A shadow imp (D:6)
  7 worms
  10 orcs
  6 bats
  9 endoplasms
  6 giant cockroaches
  7 goblins
  7 hobgoblins
  3 jackals (D:3)
  6 kobolds
  5 quokkas
  5 ball pythons
  A frilled lizard (D:2)
  5 rats
120 creatures vanquished.

Vanquished Creatures (others)
  A demonic plant (D:2)
  9 fungi (D:6)
  14 plants
  7 toadstools (D:6)
31 creatures vanquished.

Grand Total: 151 creatures vanquished

Notes
Turn   | Place    | Note
-------+----------+-------------------------------------------
     0 | D:1      | knot the Demonspawn Berserker began the quest for the Orb.
     0 | D:1      | Reached XP level 1. HP: 18/18 MP: 1/1
    86 | D:1      | You fall into a shaft and drop 1 floor!
   179 | D:2      | Reached skill level 3 in Axes
   539 | D:2      | Found a faded altar of an unknown god.
   539 | D:2      | Noticed an orange demon
   572 | D:2      | Gained mutation: You regenerate a little health from kills.
                  | [demonic ancestry]
   572 | D:2      | Reached XP level 2. HP: 20/24 MP: 2/2
   632 | D:2      | Reached XP level 3. HP: 29/29 MP: 3/3
   637 | D:2      | Reached skill level 4 in Axes
  2065 | D:2      | Gained mutation: You have a pair of small antennae on your
                  | head. [demonic ancestry]
  2065 | D:2      | Reached XP level 4. HP: 35/35 MP: 4/4
  2268 | D:2      | Reached ** piety under Trog
  3045 | D:3      | Reached skill level 5 in Axes
  3253 | D:3      | Found an opulent altar of Gozag.
  3347 | D:3      | Found a shimmering altar of Xom.
  3415 | D:3      | Identified the +11 short sword "Ruemeeneq" {antimagic,
                  | Int+2}
  3590 | D:4      | Found Gukoc's Antique Weapon Emporium.
  3608 | D:4      | Reached XP level 5. HP: 25/41 MP: 1/5
  3875 | D:4      | Reached skill level 1 in Throwing
  3920 | D:4      | Reached skill level 6 in Axes
  3920 | D:4      | Gained mutation: You are partially covered in yellow
                  | scales. (AC +2) [demonic ancestry]
  3920 | D:4      | Reached XP level 6. HP: 42/47 MP: 2/6
  4057 | D:4      | Found a broken altar of Ashenzari.
  4119 | D:4      | Noticed Grinder
  4130 | D:4      | Killed Grinder
  4286 | D:4      | Reached XP level 7. HP: 30/52 MP: 2/7
  4407 | D:4      | Found a burning altar of Makhleb.
  4580 | D:5      | Entered Level 5 of the Dungeon
  4600 | D:5      | Noticed Eustachio
  4612 | D:5      | Killed Eustachio
  4613 | D:5      | Reached skill level 7 in Axes
  4621 | D:5      | HP: 2/52 [poisoned by Eustachio]
  5786 | D:5      | Gained mutation: You regenerate magic rapidly. [demonic
                  | ancestry]
  5786 | D:5      | Reached XP level 8. HP: 21/58 MP: 2/8
  6424 | D:6      | Noticed Duvessa
  6425 | D:6      | Noticed Dowan
  6430 | D:6      | Reached skill level 5 in Throwing
  6435 | D:6      | Killed Duvessa
  6453 | D:6      | Noticed Dowan
  6453 | D:6      | Dowan changed into Dowan the iguana
  6457 | D:6      | Killed Dowan the iguana
  6903 | D:6      | Reached skill level 8 in Axes
  7067 | D:6      | Found a staircase to the Ecumenical Temple.
  7477 | D:6      | Noticed Sigmund
  7634 | D:6      | Reached XP level 9. HP: 20/63 MP: 3/9
  7717 | D:6      | Killed Sigmund
  7718 | D:6      | Reached skill level 9 in Axes
  8200 | D:6      | HP: 3/63 [slime creature (14)]
  8205 | D:6      | Slain by a slime creature

Illustrated notes

Levels and vault maps discovered:
D:1:      dpeg_arrival_lava_temple_mockup, layout_loops_ring, serial_forest,
          infiniplex_forest_straight_2, infiniplex_forest_straight_1,
          infiniplex_forest_straight_5, infiniplex_forest_split,
          infiniplex_forest_straight_2, infiniplex_forest_split,
          corexii_item_surrounded_by_moat
D:2:      layout_rooms, dreamdust_ecumenical_altar_sealed_demon,
          grunt_ministairs_15, corexii_hall_statues_x, minmay_nonomino_d4
D:3:      layout_rooms, mainiacjoe_overflow_big_doors, serial_bayou_lagoon_b
D:4:      layout_basic, mainiacjoe_overflow_six_doors_small,
          mainiacjoe_overflow_alcove_4, serial_shops, nicolae_shop_statue_plus,
          uniq_grinder
D:5:      layout_gridville, uniq_eustachio
D:6:      cheibrodos_fertilizer, layout_loops_corners,
          minmay_temple_entry_waves, uniq_duvessa, uniq_sigmund

Skill      XL: |  1  2  3  4  5  6  7  8  9 |
---------------+----------------------------+-----
Axes           | 3 4 5 6 7 8 9 |  9.3
Throwing       | 1 2 4 6 7 |  7.1
Fighting       | |  3.0
Armour         | |  1.7
Dodging        | |  1.7

Action                   |  1- 3 |  4- 6 |  7- 9 || total
-------------------------+-------+-------+-------++-------
Melee: Hand axe          |   115 |    98 |       ||   213
       Punch             |     3 |     1 |     3 ||     7
       Short sword       |       |    53 |   170 ||   223
Throw: Stone             |       |     5 |     6 ||    11
       Dart              |       |       |    14 ||    14
Invok: Berserk           |     2 |     3 |     7 ||    12
       Trog's Hand       |       |     2 |     4 ||     6
Evoke: Wand              |       |       |     3 ||     3
  Use: Scroll            |     1 |     4 |     8 ||    13
       Potion            |       |       |    12 ||    12
Armor: Animal skin       |    22 |       |       ||    22
       Ring mail         |       |    52 |     3 ||    55
       Plate armour      |       |       |   112 ||   112
       Skin              |       |       |     8 ||     8
Dodge: Dodged            |    68 |   107 |    56 ||   231

Table legend: (Time is in decaauts)
 A = Elapsed time spent in this place.
 B = Non-inter-level travel time spent in this place.
 C = Inter-level travel time spent in this place.
 D = Time resting spent in this place.
 E = Time spent auto-exploring this place.
 F = Levels seen in this place.
 G = Mean time per level.
                   A        B        C        D        E       F      G
               +--------+--------+--------+--------+--------+-----+--------+
         Total |   8364 |   8191 |    173 |   2600 |   4479 |   6 | 1394.0 |
       Dungeon |   8364 |   8191 |    173 |   2600 |   4479 |   6 | 1394.0 |
               +--------+--------+--------+--------+--------+-----+--------+

Top non-repeatable levels by time:
     D:6: 1856 daAuts
     D:5: 1842 daAuts
     D:2: 1402 daAuts
     D:3: 1200 daAuts
     D:1: 1047 daAuts
     D:4: 1015 daAuts
